 Dungeon Crawl Stone Soup version 0.29-a0-557-g43b9904bd1 (webtiles) character file.

Game seed: 9263979187970305180

39 avis the Shooter (level 3, -3/30 HPs)
             Began as a Demigod Hunter on June 8, 2022.
             Slain by a gnoll
             ... wielding a +0 flail
             ... led by a gnoll shaman
              (9 damage)
             ... on level 2 of the Dungeon.
             The game lasted 00:05:39 (856 turns).

avis the Shooter (Demigod Hunter)                    Turns: 856, Time: 00:05:39

Health: -3/30      AC:  3    Str: 12    XL:     3   Next: 13%
Magic:  5/5        EV: 12    Int: 11    God:
Gold:   47         SH:  0    Dex: 21    Spells: 2/2 levels left

rFire   . . .      SeeInvis .   a - +1 shortbow
rCold   . . .      Faith    .   (shield currently unavailable)
rNeg    . . .      Spirit   .   e - +0 leather armour
rPois   .          Reflect  .   (no helmet)
rElec   .          Harm     .   (no cloak)
rCorr   +          Rampage  .   (no gloves)
Will    .....                   (no boots)
Stlth   ++........              (no amulet)
HPRegen 0.10/turn               j - ring of resist corrosion
MPRegen 0.09/turn               (no ring)

@: lethally poisoned (-3 -> -31)
A: high MP 1, forlorn, divine attributes
a: no special abilities


You were on level 2 of the Dungeon.
You visited 1 branch of the dungeon, and saw 2 of its levels.

You collected 47 gold pieces.

Inventory:

Hand Weapons
 a - a +1 shortbow (weapon)
 b - a +0 short sword
Armour
 e - a +0 leather armour (worn)
Jewellery
 j - a ring of resist corrosion (left hand)
Scrolls
 c - a scroll of immolation
 d - a scroll of torment {unknown}
 f - 2 scrolls of identify {unknown}
 i - a scroll of enchant armour {unknown}
Potions
 g - a potion of magic {unknown}
 h - a potion of lignification {unknown}
 k - a potion of haste {unknown}
 l - a potion of degeneration {unknown}
 m - a potion of mutation {unknown}


   Skills:
 * Level 2.9 Fighting
 - Level 4.0 Bows
 - Level 2.0 Dodging
 - Level 0.8 Stealth


You had 2 spell levels left.
You didn't know any spells.
Your spell library was empty.

Dungeon Overview and Level Annotations

Branches:
Dungeon (2/15)


Innate Abilities, Weirdness & Mutations

You have an increased reservoir of magic. (+10% MP)
You shall have no god before yourself.
Your divine heritage dramatically boosts your attributes as you level up.


Message History

The adder is moderately wounded.
You feel sick. The adder closely misses you. The adder barely misses you.
Shoot: a) +1 shortbow
Press: ? - help, Q - select action Shift-Dir - straight line, f/p - adder
Aim: an adder (moderately wounded, 48% to hit)
You shoot an arrow. The arrow hits the adder.
The adder is moderately wounded.
You feel sick. The adder barely misses you. x2
Shoot: a) +1 shortbow
Press: ? - help, Q - select action Shift-Dir - straight line, f/p - adder
Aim: an adder (moderately wounded, 48% to hit)
You shoot an arrow. The arrow hits the adder!
You kill the adder!
You feel sick.
You are no longer poisoned.
You have reached level 3!
Your experience leads to a dramatic increase in your attributes!
Increase (S)trength, (I)ntelligence, or (D)exterity?
You feel agile. x4
The gnoll attacks as you move away! The gnoll barely misses you.
The gnoll attacks as you move away! The gnoll closely misses you.
The gnoll attacks as you move away!
The gnoll hits you with a +1 whip of venom.
You are poisoned.
You feel very sick. The gnoll attacks as you move away! The gnoll misses you.
You feel sick.
You see here a bat corpse.
You feel sick.
Shoot: a) +1 shortbow
Press: ? - help, Q - select action Shift-Dir - straight line, f - gnoll
Aim: a gnoll, wielding a +1 whip of venom (69% to hit)
You shoot an arrow. The arrow hits the gnoll.
The gnoll is moderately wounded.
You feel sick.
The gnoll hits you with a +1 whip of venom.
You are lethally poisoned!
The gnoll hits you with a +1 whip of venom.
* * * LOW HITPOINT WARNING * * *
You are more poisoned.
The gnoll attacks as you move away! The gnoll hits you with a +0 flail!
You die...

#.........# #.+
#.........####.#
#.........g†...#
#.......##+##..#
#.......# #g##
........#
#..######.#
#######.#
#.........#
####.##+##gg########
#.........@.# ..
#.#.#..##.#.#
#.###.#.#...#.#...
#.#...#.#.#.#.###...
#.#.........#.#
.....
#.#####.#.....# ....
##.........#####
#### #........#.#
#..<.....#.#


You could see 3 gnolls.

Vanquished Creatures
  An adder (D:2)
  2 dart slugs (D:1)
  3 ball pythons
  A bat (D:2)
  2 endoplasms (D:1)
  A giant cockroach (D:1)
  4 goblins (D:1)
  2 jackals (D:1)
  2 quokkas (D:1)
  3 frilled lizards (D:1)
  3 kobolds
  3 rats (D:1)
27 creatures vanquished.

Notes
Turn   | Place    | Note
-------+----------+-------------------------------------------
     0 | D:1      | avis the Demigod Hunter began the quest for the Orb.
     0 | D:1      | Reached XP level 1. HP: 17/17 MP: 3/3
   129 | D:1      | Reached skill level 4 in Bows
   132 | D:1      | Reached XP level 2. HP: 24/24 MP: 4/4
   849 | D:2      | Reached XP level 3. HP: 24/30 MP: 5/5
   856 | D:2      | Slain by a gnoll

Illustrated notes

Levels and vault maps discovered:
D:1:      matt_arrival_spirals, layout_rooms, ebering_ecumenical_altar_ruins,
          hangedman_abyss_or_decor_lesser_grid
D:2:      layout_basic, serial_park_tiny_pond, minmay_misc_feat_room,
          minmay_tiny_reverse_x, uniq_natasha, uniq_crazy_yiuf_cottage

Skill      XL: |  1  2 |
---------------+-------+-----
Fighting       | 2 |  2.9
Bows           | 4 |  4.0
Dodging        | 2 |  2.0
Stealth        | |  0.8

Action                   || total
-------------------------++-------
 Fire: Shortbow          ||    59
Armor: Leather armour    ||     5
Dodge: Dodged            ||    16

Table legend: (Time is in decaauts)
 A = Elapsed time spent in this place.
 B = Non-inter-level travel time spent in this place.
 C = Inter-level travel time spent in this place.
 D = Time resting spent in this place.
 E = Time spent auto-exploring this place.
 F = Levels seen in this place.
 G = Mean time per level.
                   A        B        C        D        E       F      G
               +--------+--------+--------+--------+--------+-----+--------+
         Total |    876 |    807 |     69 |    125 |    443 |   2 |  438.0 |
       Dungeon |    876 |    807 |     69 |    125 |    443 |   2 |  438.0 |
               +--------+--------+--------+--------+--------+-----+--------+

Top non-repeatable levels by time:
     D:1: 772 daAuts
     D:2: 103 daAuts
